 Dungeon Sprint DCSS version 0.21-a0-260-g9b2435e (webtiles) character file.

11942 Kidiri the Unseen (level 11, -71/58 HPs)
             Began as a Spriggan Enchanter on Sept 7, 2017.
             Was an Elder of Dithmenos.
             Killed from afar by a hellephant (85 damage)
             ... with a blast of flame
             ... in the Dungeon (Sprint II: "The Violet Keep of Menkaure").
             The game lasted 00:12:20 (1779 turns).

Kidiri the Unseen (Spriggan Enchanter)              Turns: 1779, Time: 00:12:21

Health: -71/58     AC:  4    Str:  8    XL:     11   Next: 55%
Magic:  19/29      EV: 32    Int: 18    God:    Dithmenos [****..]
Gold:   37         SH:  8    Dex: 19    Spells: 19/37 levels left

rFire    . . .     SeeInvis +   a - +1 dagger
rCold    . . .     Gourm    .   q - +2 buckler
rNeg     . . .     Faith    .   b - +2 robe
rPois    .         Spirit   .   (helmet restricted)
rElec    .         Reflect  .   l - scarf {repulsion}
rCorr    .         Harm     .   (gloves unavailable)
MR       ++...     NoTele   +   (boots unavailable)
Stlth    +++++++++.             m - amulet "Niuphel" {+Fly Regen+ Str+4}
HPRegen  0.59/turn              z - ring of protection from magic
MPRegen  0.21/turn              (no ring)

@: flying, wreathed by umbra, repel missiles, very quick
A: unfitting armour, see invisible, herbivore 3, speed 3, slow metabolism 2
a: Shadow Step, Renounce Religion, Stop Flying


You were in the Dungeon.
You worshipped Dithmenos.
Dithmenos was greatly pleased with you.
You were not hungry.

You visited 1 branch You collected 1802 gold pieces.
You spent 1765 gold pieces at shops.

Inventory:

Hand Weapons
 a - a +1 dagger (weapon)
Armour
 b - a +2 robe (worn)
 l - a scarf of repulsion (worn)
 q - a +2 buckler (worn)
Jewellery
 m - the amulet "Niuphel" (around neck) {+Fly Regen+ Str+4}
   (You bought it in a shop in the Dungeon)

   [amulet of regeneration]

   It affects your strength (+4).
   It lets you fly.
   It increases your rate of regeneration.
 z - a ring of protection from magic (left hand)
Scrolls
 j - 2 scrolls of blinking
 r - a scroll of enchant weapon {unknown}
 t - 3 scrolls of remove curse
 u - a scroll of immolation {unknown}
 v - 2 scrolls of magic mapping {unknown}
 w - a scroll of fog {unknown}
 x - a scroll of fear {unknown}
 y - a scroll of recharging {unknown}
Potions
 f - 2 potions of heal wounds
 g - a potion of haste
 h - 5 potions of magic
 i - a potion of berserk rage
 o - 4 potions of flight {unknown}
 s - a potion of cancellation
 A - 3 potions of resistance {unknown}
 B - a potion of invisibility {unknown}
Books
 c - a book of Maledictions

   Spells                             Type                      Level
   a - Corona                         Hexes                        1
   b - Ensorcelled Hibernation        Hexes/Ice                    2
   c - Confuse                        Hexes                        3
   d - Tukima's Dance                 Hexes                        3
   e - Dazzling Spray                 Conjuration/Hexes            3
 p - a book of the Earth

   Spells                             Type                      Level
   a - Leda's Liquefaction            Hexes/Earth                  4
   b - Bolt of Magma                  Conjuration/Fire/Earth       5
   c - Statue Form                    Transmutation/Earth          6
   d - Iron Shot                      Conjuration/Earth            6
   e - Shatter                        Earth                        9
Comestibles
 d - 4 bread rations
 n - 4 fruits


   Skills:
 + Level 6.6 Fighting
 * Level 12.5 Short Blades
 + Level 6.1 Armour
 * Level 15.6 Dodging
 * Level 17.1 Stealth
 + Level 1.3 Shields
 * Level 13.5 Spellcasting
 * Level 4.6 Conjurations
 + Level 10.5 Hexes
 + Level 5.0 Ice Magic
 * Level 1.7 Earth Magic
 - Level 5.6 Invocations
 - Level 7.4 Evocations


You had 19 spell levels left.
You knew the following spells:

 Your Spells              Type           Power        Failure   Level  Hunger
a - Corona                Hex            #####..      1%          1    None
b - Ensorcelled Hibernat  Hex/Ice        #####.       1%          2    None
c - Confuse               Hex            #####...     1%          3    None
d - Tukima's Dance        Hex            #####...     1%          3    None
e - Dazzling Spray        Conj/Hex       #####.       1%          3    None
f - Iron Shot             Conj/Erth      ###.......   98%         6    ######.


Dungeon Overview and Level Annotations

Branches:
Dungeon (1/1)

Altars:
Cheibriados
Dithmenos
Elyvilon
Fedhas
Gozag
Hepliaklqana
Kikubaaqudgha
Makhleb
Nemelex Xobeh
Okawaru
Qazlal
Ru
Sif Muna
Trog
Uskayaw
Vehumet
Wu Jian
Xom
Yredelemnul
Zin
The Shining One
Beogh
Jiyva
Lugonu

Shops:
D [:%[[![(=}:=!?=(

Annotations:
D exclusions: death drake, oklob plant and swamp drake


Innate Abilities, Weirdness & Mutations

You are very small and have problems with some larger weapons.
You are too small for most types of armour.
You have supernaturally acute eyesight. (SInv)
You are a herbivore.
You cover ground extremely quickly.
You need consume almost no food.


Message History

Confirm with . or Enter, or press ? or * to list all spells.
Aiming: Dazzling Spray
Press: ? - help, Shift-Dir - straight line, f/p - hellephant
Aim: a hellephant (steam, lightly wounded, catching its breath, umbra)
The spray of energy hits the hellephant.
The hellephant is lightly wounded.
The hellephant tramples you!
You are shoved backwards!
Casting: Dazzling Spray
Confirm with . or Enter, or press ? or * to list all spells.
Aiming: Dazzling Spray
Press: ? - help, Shift-Dir - straight line, f/p - hellephant
Aim: a hellephant (water, lightly wounded, umbra)
The spray of energy misses the hellephant.
The hellephant splashes around in the water.
The hellephant bites you! The hellephant gores you!
* * * LOW HITPOINT WARNING * * *
The hellephant breathes flames at you. The blast of flame hits you!
Ouch! That really hurt!
You die...

# §#)[▓.([..[..▓▓)⌠.▓
##§#["▓[.%.[...▓▓$..▓
§§####▓..)..[..▓▓..)▓
k8##)#▓.[((...)▓▓...▓
§§#%.#▓..(.()..▓▓...▓
.§#..#▓.).(.([[▓▓$⌠.▓
..##.#▓..[.....▓▓...▓
#...##▓▓▓▓▓▓▓+▓▓▓▓'▓▓
≈≈≈≈≈≈≈≈≈≈≈≈≈...@§Y▓
≈#+########+###.≈≈≈▓
≈#.._.....#§§§##≈≈≈▓
§#._._....#§§§§####▓▓▓▓▓
≈#_._._...#§≈§§§##§.#..▓
≈#._._._..#§§§§≈§#..#..▓
≈#_._._._.#§≈≈≈§≈+..+..▓
≈#._._._._#§§≈§§≈#.[#.%▓
≈#_._._._.#≈≈§≈§§▓..#..▓


You could see a hellephant.

Vanquished Creatures
  A kraken (D)
  2 sphinxes (D)
  A draconian shifter (D)
  Sonja (D)
  2 deep trolls (D)
  A glowing orange brain (D)
  3 shining eyes (D)
  A merfolk siren (D)
  A yaktaur (D)
  3 polar bears (D)
  A hornet (D)
  2 wyverns (D)
  Menkaure (D)
  A swamp drake (D)
  4 necrophages (D)
  3 crocodiles (D)
  A scorpion (D)
  4 worker ants (D)
  3 worms (D)
36 creatures vanquished.

Vanquished Creatures (others)
  A crocodile (D)
  16 tentacles (D)
17 creatures vanquished.

Grand Total: 53 creatures vanquished

Notes
Turn   | Place    | Note
-------+----------+-------------------------------------------
     0 | D        | Kidiri the Spriggan Enchanter began the quest for the Orb.
     0 | D        | Reached XP level 1. HP: 9/9 MP: 5/5
     1 | D        | Noticed a necrophage
     1 | D        | Noticed a necrophage
     1 | D        | Noticed a necrophage
     1 | D        | Noticed a necrophage
     5 | D        | Noticed a merfolk siren
     8 | D        | Noticed a worker ant
     8 | D        | Noticed a worker ant
    52 | D        | Killed a crocodile
    61 | D        | Reached skill level 5 in Stealth
    61 | D        | Reached XP level 2. HP: 14/14 MP: 7/7
    73 | D        | Learned a level 2 spell: Ensorcelled Hibernation
    83 | D        | Reached skill level 1 in Fighting
    83 | D        | Reached skill level 6 in Stealth
    83 | D        | Reached XP level 3. HP: 18/18 MP: 5/9
    85 | D        | Reached skill level 1 in Armour
    85 | D        | Reached skill level 5 in Dodging
    87 | D        | Reached skill level 7 in Stealth
    87 | D        | Reached XP level 4. HP: 22/22 MP: 5/11
    91 | D        | Reached skill level 5 in Spellcasting
    91 | D        | Reached skill level 5 in Hexes
    99 | D        | Learned a level 3 spell: Confuse
   103 | D        | Learned a level 3 spell: Tukima's Dance
   107 | D        | Learned a level 3 spell: Dazzling Spray
   162 | D        | Killed a merfolk siren
   162 | D        | Reached skill level 10 in Stealth
   162 | D        | Reached XP level 5. HP: 28/28 MP: 6/16
   162 | D        | Reached XP level 6. HP: 32/32 MP: 6/17
   234 | D        | Noticed a flying skull
   234 | D        | Noticed a flying skull
   234 | D        | Noticed a flying skull
   234 | D        | Noticed a flying skull
   235 | D        | Noticed a flying skull
   235 | D        | Noticed a flying skull
   236 | D        | Noticed a flying skull
   236 | D        | Noticed a flying skull
   236 | D        | Noticed Menkaure
   237 | D        | Noticed a flying skull
   238 | D        | Killed Menkaure
   238 | D        | Reached XP level 7. HP: 36/36 MP: 17/19
   239 | D        | Noticed a flying skull
   239 | D        | Noticed a flying skull
   240 | D        | Noticed a flying skull
   252 | D        | Reached skill level 11 in Stealth
   253 | D        | Reached skill level 10 in Dodging
   289 | D        | Found Rizucwak's Antique Weapon Shop.
   290 | D        | Found Ycoduch's Magic Scroll Shop.
   290 | D        | Found Vecyif's Distillery.
   290 | D        | Found Ojouhi's Jewellery Boutique.
   293 | D        | Reached skill level 12 in Stealth
   298 | D        | Found Daraup's Gadget Boutique.
   298 | D        | Found Jaoboir's Jewellery Shop.
   300 | D        | Found Deiwamei's Book Shop.
   300 | D        | Found Lukim's Jewellery Shop.
   301 | D        | Found Tegae's Armour Boutique.
   301 | D        | Found Kaoreug's Distillery.
   302 | D        | Found Tel Qirch's Antique Weapon Boutique.
   302 | D        | Noticed a hippogriff
   304 | D        | Found Xemuhi's Antique Armour Shop.
   306 | D        | Found Ruveanta's Antique Armour Boutique.
   306 | D        | Found Lyrghoyrch's Food Shop.
   306 | D        | Noticed a hippogriff
   306 | D        | Noticed a hippogriff
   306 | D        | Noticed an oklob plant
   307 | D        | Found Jeol's Book Shoppe.
   307 | D        | Found Saebbur's Antique Armour Boutique.
   312 | D        | Noticed a yak
   312 | D        | Noticed a yak
   314 | D        | Noticed a yak
   341 | D        | Bought a glowing scarf for 184 gold pieces
   356 | D        | Bought the amulet "Niuphel" {+Fly Regen+ Str+4} for 665 gold pieces
   397 | D        | Found a stormy altar of Qazlal.
   397 | D        | Found an ornate altar of the Wu Jian Council.
   398 | D        | Found a hazy altar of Hepliaklqana.
   398 | D        | Found a sacrificial altar of Ru.
   399 | D        | Found a roughly hewn altar of Beogh.
   399 | D        | Found a viscous altar of Jiyva.
   399 | D        | Found a deep blue altar of Sif Muna.
   400 | D        | Found a snail-covered altar of Cheibriados.
   400 | D        | Found an ancient bone altar of Kikubaaqudgha.
   400 | D        | Found a shimmering altar of Xom.
   400 | D        | Found a bloodstained altar of Trog.
   401 | D        | Found a shadowy altar of Dithmenos.
   401 | D        | Found a corrupted altar of Lugonu.
   402 | D        | Found a white marble altar of Elyvilon.
   402 | D        | Found a burning altar of Makhleb.
   403 | D        | Found a blossoming altar of Fedhas.
   405 | D        | Found an opulent altar of Gozag.
   405 | D        | Found a glowing golden altar of the Shining One.
   405 | D        | Found a basalt altar of Yredelemnul.
   405 | D        | Found a hide-covered altar of Uskayaw.
   405 | D        | Found a sparkling altar of Nemelex Xobeh.
   405 | D        | Noticed a hornet
   405 | D        | Noticed a polar bear
   406 | D        | Found a glowing silver altar of Zin.
   406 | D        | Found a radiant altar of Vehumet.
   406 | D        | Found an iron altar of Okawaru.
   406 | D        | Noticed a yaktaur
   411 | D        | Became a worshipper of Dithmenos the Shadowed
   418 | D        | Noticed a polar bear
   418 | D        | Noticed a polar bear
   419 | D        | Killed a polar bear
   419 | D        | Reached skill level 1 in Invocations
   419 | D        | Reached skill level 1 in Evocations
   419 | D        | Reached XP level 8. HP: 42/42 MP: 20/22
   420 | D        | Killed a polar bear
   420 | D        | Reached skill level 1 in Conjurations
   420 | D        | Reached skill level 1 in Ice Magic
   422 | D        | Killed a hornet
   422 | D        | Reached * piety under Dithmenos
   422 | D        | Reached skill level 10 in Spellcasting
   423 | D        | Killed a polar bear
   423 | D        | Reached skill level 13 in Stealth
   425 | D        | Killed a yaktaur
   425 | D        | Reached XP level 9. HP: 46/46 MP: 20/24
   443 | D        | Reached ** piety under Dithmenos
   456 | D        | Noticed an iron elemental
   471 | D        | Noticed a deep elf master archer
   589 | D        | Noticed a shining eye
   589 | D        | Noticed a shining eye
   589 | D        | Noticed a shining eye
   591 | D        | Killed a shining eye
   592 | D        | Killed a shining eye
   592 | D        | Reached *** piety under Dithmenos
   592 | D        | Reached skill level 5 in Fighting
   592 | D        | Reached skill level 10 in Short Blades
   592 | D        | Reached skill level 14 in Stealth
   594 | D        | Killed a shining eye
   594 | D        | Reached skill level 5 in Evocations
   608 | D        | Noticed a death drake
   619 | D        | Noticed a kraken
   641 | D        | Noticed an obsidian statue
   815 | D        | Noticed a deep troll
   816 | D        | Noticed a deep troll
   817 | D        | Killed a deep troll
   817 | D        | Reached **** piety under Dithmenos
   817 | D        | Reached skill level 5 in Armour
   817 | D        | Reached XP level 10. HP: 51/51 MP: 21/26
   819 | D        | Killed a deep troll
   819 | D        | Reached skill level 15 in Stealth
   888 | D        | Killed a kraken
   904 | D        | Found the +8 Wrath of Trog {antimagic, *Rage}
  1153 | D        | Noticed a sphinx
  1153 | D        | Noticed a sphinx
  1155 | D        | Killed a sphinx
  1155 | D        | Reached skill level 16 in Stealth
  1155 | D        | Reached skill level 5 in Invocations
  1155 | D        | Reached XP level 11. HP: 56/56 MP: 23/28
  1157 | D        | Killed a sphinx
  1157 | D        | Reached skill level 15 in Dodging
  1157 | D        | Reached skill level 10 in Hexes
  1240 | D        | Bought a book of the Earth for 780 gold pieces
  1247 | D        | Learned a level 6 spell: Iron Shot
  1249 | D        | Bought a buckler for 103 gold pieces
  1260 | D        | Bought a scroll of remove curse for 33 gold pieces
  1305 | D        | Noticed a crystal guardian
  1306 | D        | Noticed a death drake
  1399 | D        | Noticed a glowing orange brain
  1399 | D        | Noticed Sonja
  1400 | D        | Noticed a black draconian shifter
  1400 | D        | Noticed a hellephant
  1403 | D        | Killed Sonja
  1407 | D        | Killed a black draconian shifter
  1407 | D        | Reached skill level 17 in Stealth
  1407 | D        | Reached skill level 1 in Shields
  1407 | D        | Reached skill level 5 in Ice Magic
  1407 | D        | Reached skill level 1 in Earth Magic
  1414 | D        | Killed a glowing orange brain
  1779 | D        | Killed from afar by a hellephant

Vault maps used:
D:        the_violet_keep_of_menkaure

Skill      XL: |  1  2  3  4  5  6  7  8  9 10 11 |
---------------+----------------------------------+-----
Spellcasting   | 3 4 7 8 9 10 11 12 13 | 13.5
Short Blades   | 2 3 4 6 7 8 9 10 11 12 | 12.5
Dodging        | 4 5 9 11 12 13 14 15 | 15.6
Stealth        | 5 6 7 10 12 13 14 16 17 | 17.1
Fighting       | 1 3 4 5 6 |  6.6
Hexes          | 4 6 7 8 9 10 | 10.5
Armour         | 1 3 4 5 6 |  6.1
Invocations    | 1 2 4 5 |  5.6
Evocations     | 1 3 5 6 7 |  7.4
Conjurations   | 1 3 4 |  4.6
Ice Magic      | 2 3 4 5 |  5.0
Shields        | 1 |  1.3
Earth Magic    | 1 |  1.7

Action                   |  1- 3 |  4- 6 |  7- 9 | 10-12 || total
-------------------------+-------+-------+-------+-------++-------
Melee: Dagger            |     6 |     3 |    26 |    25 ||    60
 Cast: Ensorcelled Hiber |     1 |     4 |     3 |     3 ||    11
       Confuse           |       |       |     3 |     2 ||     5
       Dazzling Spray    |       |       |     9 |    24 ||    33
Invok: Shadow Step       |       |       |     1 |     5 ||     6
 Abil: Evoke Flight      |       |       |     2 |     7 ||     9
  Use: Scroll            |       |       |       |     7 ||     7
       Potion            |       |       |       |     1 ||     1
 Stab: Sleeping          |     6 |     3 |    19 |     8 ||    36
       Confused          |       |       |     1 |     4 ||     5
       Invisible         |       |       |       |     1 ||     1
Armor: Robe              |       |       |     1 |       ||     1
Dodge: Dodged            |       |       |    14 |    24 ||    38
Block: Buckler           |       |       |       |     1 ||     1

Table legend:
 A = Spawn XP
 B = Non-spawn XP
 C = Spawn XP percentage of total XP
 D = Spawn monster count
 E = Non-spawn monster count
 F = Spawn count percentage of total count
 G = Total turns spent on level
                    A         B        C        D         E        F      G
               +---------+---------+-------+---------+---------+-------+---------
         Total |       0 |   17061 |   0.0 |       0 |      36 |   0.0 |  1779
               +---------+---------+-------+---------+---------+-------+---------
             D |       0 |   17061 |   0.0 |       0 |      36 |   0.0 |  1779
               +---------+---------+-------+---------+---------+-------+---------
